 Dungeon Crawl Stone Soup version 0.32-a0-42-ga30500b4d3 (webtiles) character file.

Game seed: 479590263438914522

20155 grandjackal the Fighter (level 12, -5/102 HPs)
             Began as a Demonspawn Gladiator on Jan 29, 2024.
             Was an Elder of Dithmenos.
             Slain by an orc knight
             ... wielding a +0 glaive
              (15 damage)
             ... on level 1 of the Orcish Mines.
             The game lasted 00:27:06 (15201 turns).

grandjackal the Fighter (Demonspawn Gladiator)     Turns: 15201, Time: 00:27:07

Health: -5/102     AC: 16    Str: 16    XL:     12   Next: 42%
Magic:  0/28       EV: 12    Int:  8    God:    Dithmenos [****..]
Gold:   679        SH:  5    Dex: 19    Spells: 9/11 levels left

rFire   . . .        y - +0 scimitar (flame)
rCold   . . .        (no shield)
rNeg    . . .        L - +0 ring mail {rPois}
rPois   +            (helmet restricted)
rElec   .            H - +2 cloak {Will+}
rCorr   .            w - +2 pair of gloves
SInv    +            z - +0 pair of boots
Will    +....        i - amulet of reflection
Stlth   ++++         v - ring of magical power
HPRegen 0.37/turn    J - ring of see invisible
MPRegen 0.42/turn

%: reflection, guardian spirit
@: wreathed by umbra
A: horns 2, slimy green scales 2, magic shield, magic regeneration, demonic
magic 1
a: Renounce Religion, Shadow Step


You were on level 1 of the Orcish Mines.
You worshipped Dithmenos.
Dithmenos was greatly pleased with you.
You visited 3 branches of the dungeon, and saw 14 of its levels.

You collected 943 gold pieces.
You spent 264 gold pieces at shops.

Inventory:

Hand Weapons
 b - a +0 dagger of venom
 y - a +0 scimitar of flaming (weapon)
Missiles
 d - 3 throwing nets (quivered)
 e - 4 javelins
 p - 32 poisoned darts
Armour
 w - a +2 pair of gloves (worn)
 x - +0 steam dragon scales
 z - a +0 pair of boots (worn)
 H - a +2 cloak of willpower (worn)
 K - a +0 kite shield
 L - a +0 ring mail of poison resistance (worn)
Jewellery
 i - an amulet of reflection (around neck)
 v - a ring of magical power (left hand)
 C - a ring of protection from cold
 J - a ring of see invisible (right hand)
Wands
 o - a wand of paralysis (20)
 t - a wand of digging (5)
 D - a wand of flame (57)
Scrolls
 f - 4 scrolls of enchant armour
 h - 4 scrolls of enchant weapon
 l - 4 scrolls of teleportation
 m - 2 scrolls of immolation
 q - a scroll of revelation
 r - a scroll of poison
 s - a scroll of silence
 A - a scroll of amnesia
 G - 3 scrolls of fog
 M - 2 scrolls of blinking
Potions
 g - 3 potions of lignification
 j - 13 potions of curing
 n - a potion of might
 u - 2 potions of brilliance
 E - 2 potions of mutation
 F - 4 potions of resistance
 I - a potion of attraction
 N - a potion of invisibility


   Skills:
 + Level 11.8 Fighting
 + Level 11.0 Long Blades
 - Level 2.0 Throwing
 - Level 3.0 Armour
 - Level 3.0 Dodging
 + Level 6.7 Stealth
 - Level 6.0 Hexes
 + Level 2.8 Ice Magic
 - Level 10.0 Invocations


You had 9 spell levels left.
You knew the following spells:

 Your Spells              Type           Power      Damage    Failure   Level
a - Ensorcelled Hibernat  Hex/Ice        14%        N/A       21%         2

Your spell library contained the following spells:

 Spells                   Type           Power      Damage    Failure   Level
 Passwall                 Erth           0%         N/A       94%         3
 Swiftness                Air            0%         N/A       94%         3
 Vhi's Electric Charge    Tloc/Air       0%         N/A       100%        4
 Arcjolt                  Conj/Air       0%         1d10      100%        5
 Plasma Beam              Fire/Air       0%         2x1d10    100%        6


Dungeon Overview and Level Annotations

Branches:
Dungeon (12/15)            Temple (1/1) D:5            Lair (0/5) D:10
    Orc (1/2) D:9

Altars:
Ashenzari
Cheibriados
Dithmenos
Fedhas
Gozag
Hepliaklqana
Kikubaaqudgha
Makhleb
Nemelex Xobeh
Okawaru
Qazlal
Ru
Sif Muna
Trog
Uskayaw
Vehumet
Wu Jian
Xom
Yredelemnul
Jiyva

Shops:
D:8 !


Innate Abilities, Weirdness & Mutations

You have a pair of horns on your head.
You are mostly covered in slimy green scales. (AC +3)
When hurt, damage is shared between your health and your magic reserves.
You regenerate magic rapidly.
Spells you cast may paralyse adjacent enemies.


Message History

You headbutt the orc knight, but do no damage.
The orc knight is severely wounded.
The orc knight barely misses you.
You hit the orc knight but do no damage.
The orc knight is severely wounded.
The orc knight hits you with a +0 glaive.
* * * LOW HITPOINT WARNING * * *
Throw: 4 throwing nets
Press: ? - help, Q - select action, (/) - cycle Shift-Dir - straight line, f - orc knight
Aim: an orc knight, wielding a +0 glaive and wearing a +0 plate armour (severely wounded, umbra, 65% to hit)
You throw a throwing net. The throwing net hits the orc knight.
The orc knight is caught in the net!
The orc knight is severely wounded.
The orc knight struggles against the net.
You hit the orc knight but do no damage.
The orc knight is severely wounded.
The orc knight struggles against the net.
You strike the helpless orc knight from behind!
You slash the orc knight! You burn the orc knight.
You headbutt the orc knight, but do no damage.
The orc knight is almost dead.
The orc knight struggles against the net.
You catch the helpless orc knight completely off-guard!
You slash the orc knight! You burn the orc knight.
The orc knight is almost dead.
The orc knight struggles against the net.
You hit the orc knight but do no damage.
The orc knight is almost dead.
The orc knight struggles against the net.
The net rips apart, and the orc knight comes free!
You closely miss the orc knight.
The orc knight is almost dead.
You closely miss the orc knight.
The orc knight is almost dead.
The orc knight hits you with a +0 glaive!
* * * LOW HITPOINT WARNING * * *
You hit the orc knight but do no damage.
The orc knight is almost dead.
The orc knight hits you with a +0 glaive!!
You die...

#... ............... #>..
#........##...
#...####.......##...
#...##.....#.##....
#######...#........#....
###..#.#.......##.......#.
#.#.....###...###......##.
###.......##)#.)..###....###
##......#..)@###....###..##
##.....####.)o)####.## #.##
#......###..))#.# ### ###
#.#......###...##.# .
###...........###
##.........#..## #
###...........#.#
#..............##
..................###


You could see an orc knight.

Vanquished Creatures
  Jorgrun (Orc:1)
  A centaur warrior (D:11)
  5 two-headed ogres
  An orc knight (D:9)
  Pikel (D:9)
  A cyclops (D:11)
  A deep elf pyromancer (D:12)
  4 manticores
  A gargoyle (D:10)
  A rime drake (D:10)
  An efreet (D:12)
  4 kobold demonologists
  2 trolls (D:11)
  Prince Ribbit (D:5)
  Sigmund (D:6)
  A vampire (D:11)
  A wraith (D:12)
  3 hogs (D:7)
  A wyvern (D:9)
  12 yaks
  A warg (Orc:1)
  A human (D:7)
  2 steam dragons
  6 vampire mosquitoes
  2 acid dragons
  6 orc warriors
  8 ice beasts
  A black bear (D:5)
  A sky beast (D:6)
  3 wolves (D:10)
  3 ogres
  10 centaurs
  2 phantoms (D:6)
  7 bullfrogs
  2 gnoll sergeants
  5 scorpions
  15 killer bees
  3 vampire bats (D:9)
  3 howler monkeys
  A jelly (D:5)
  A crimson imp (D:3)
  3 hounds
  7 orc priests
  Crazy Yiuf (D:7)
  2 sleepcaps (D:6)
  2 iguanas
  11 orc wizards
  Robin (D:4)
  12 gnolls
  5 adders
  2 shadow imps (D:8)
  2 white imps
  3 dart slugs
  A ribbon worm (D:2)
  40 orcs
  A bat skeleton (D:9)
  6 bat zombies (D:9)
  9 endoplasms
  2 giant cockroaches
  13 goblins
  13 hobgoblins
  3 jackals (D:1)
  4 quokkas
  10 ball pythons
  2 bats (D:2)
  A frilled lizard (D:2)
  A goblin skeleton (D:3)
  3 hobgoblin zombies (D:3)
  10 kobolds
  A kobold zombie (D:3)
  An orc skeleton (D:3)
  4 rats
303 creatures vanquished.

Vanquished Creatures (others)
  An orc wizard (D:9)
  6 orcs (D:9)
  A kobold (D:12)
8 creatures vanquished.

Grand Total: 311 creatures vanquished

Notes
Turn   | Place    | Note
-------+----------+-------------------------------------------
     0 | D:1      | grandjackal the Demonspawn Gladiator began the quest for
                  | the Orb.
     0 | D:1      | Reached XP level 1. HP: 16/16 MP: 1/1
   284 | D:1      | You fall into a shaft and drop 1 floor!
   333 | D:1      | Gained mutation: Spells you cast may paralyse adjacent
                  | enemies. [demonic ancestry]
   333 | D:1      | Reached XP level 2. HP: 17/22 MP: 2/2
   896 | D:1      | Gained mutation: You regenerate magic rapidly. [demonic
                  | ancestry]
   896 | D:1      | Reached XP level 3. HP: 28/28 MP: 3/3
  1361 | D:2      | Gained mutation: You have a pair of small horns on your
                  | head. [demonic ancestry]
  1361 | D:2      | Reached XP level 4. HP: 32/35 MP: 4/4
  1941 | D:3      | Gained mutation: When hurt, damage is shared between your
                  | health and your magic reserves. [demonic ancestry]
  1941 | D:3      | Reached XP level 5. HP: 42/42 MP: 5/5
  2812 | D:3      | Reached XP level 6. HP: 45/49 MP: 6/6
  2951 | D:4      | Noticed Robin
  2955 | D:4      | Killed Robin
  3096 | D:4      | Found a sparkling altar of Nemelex Xobeh.
  3096 | D:4      | Found a hide-covered altar of Uskayaw.
  3116 | D:4      | Reached skill level 5 in Fighting
  3116 | D:4      | Reached skill level 5 in Long Blades
  3181 | D:4      | Found a basalt altar of Yredelemnul.
  3183 | D:4      | Found a radiant altar of Vehumet.
  3777 | D:5      | Entered Level 5 of the Dungeon
  3906 | D:5      | Gained mutation: You have a pair of horns on your head.
                  | [demonic ancestry]
  3906 | D:5      | Reached XP level 7. HP: 31/56 MP: 4/7
  4095 | D:5      | Reached skill level 1 in Stealth
  4143 | D:5      | Found a shimmering blue altar of Sif Muna.
  4278 | D:5      | Noticed Prince Ribbit
  4363 | D:5      | Killed Prince Ribbit
  4364 | D:5      | Gained mutation: You are partially covered in slimy green
                  | scales. (AC +2) [demonic ancestry]
  4364 | D:5      | Reached XP level 8. HP: 65/65 MP: 8/8
  4951 | D:5      | Found a staircase to the Ecumenical Temple.
  4960 | Temple   | Entered the Ecumenical Temple
  4973 | Temple   | Became a worshipper of Dithmenos the Shadowed
  5085 | D:6      | Noticed Sigmund
  5103 | D:6      | Killed Sigmund
  5104 | D:6      | Reached skill level 1 in Invocations
  5582 | D:6      | Gained mutation: You are mostly covered in slimy green
                  | scales. (AC +3) [demonic ancestry]
  5582 | D:6      | Reached XP level 9. HP: 72/72 MP: 11/11
  5974 | D:7      | Reached skill level 5 in Stealth
  6161 | D:7      | Reached skill level 5 in Invocations
  6416 | D:7      | Reached * piety under Dithmenos
  6968 | D:7      | Found a runed translucent door.
  6970 | D:7      | Noticed Crazy Yiuf
  7173 | D:7      | Killed Crazy Yiuf
  7329 | D:8      | Reached XP level 10. HP: 81/82 MP: 15/15
  7426 | D:8      | Noticed a two-headed ogre
  7443 | D:8      | Killed a two-headed ogre
  7731 | D:8      | Found Aqeonexkirr's Distillery.
  7740 | D:8      | Bought a potion of curing for 33 gold pieces
  7740 | D:8      | Bought a potion of berserk rage for 55 gold pieces
  7740 | D:8      | Bought a potion of resistance for 110 gold pieces
  7740 | D:8      | Bought a potion of lignification for 33 gold pieces
  7740 | D:8      | Bought a potion of attraction for 33 gold pieces
  7834 | D:8      | Noticed a two-headed ogre
  7856 | D:8      | Killed a two-headed ogre
  7983 | D:8      | Reached ** piety under Dithmenos
  8110 | D:8      | Learned a level 2 spell: Ensorcelled Hibernation
  8302 | D:8      | Found a snail-covered altar of Cheibriados.
  8609 | D:9      | Noticed Pikel
  8634 | D:9      | Killed Pikel
  8635 | D:9      | Reached skill level 1 in Hexes
  8902 | D:9      | Found a shimmering altar of Xom.
  9008 | D:9      | Reached skill level 10 in Fighting
  9240 | D:9      | Found a staircase to the Orcish Mines.
  9746 | D:9      | Noticed a two-headed ogre
  9762 | D:9      | Killed a two-headed ogre
  9763 | D:9      | Reached XP level 11. HP: 61/91 MP: 18/18
  9868 | D:9      | Noticed a two-headed ogre
  9877 | D:9      | Killed a two-headed ogre
  9991 | D:9      | Found an ancient bone altar of Kikubaaqudgha.
 10208 | D:10     | Entered Level 10 of the Dungeon
 10454 | D:10     | Reached skill level 10 in Invocations
 10720 | D:10     | Reached *** piety under Dithmenos
 10950 | D:10     | Found a staircase to the Lair.
 11136 | D:10     | Found an ornate altar of the Wu Jian Council.
 11559 | D:11     | Reached skill level 10 in Long Blades
 12083 | D:11     | Noticed a two-headed ogre
 12097 | D:11     | Killed a two-headed ogre
 12098 | D:11     | Reached skill level 5 in Hexes
 12297 | D:12     | Noticed a centaur warrior
 12526 | D:12     | Noticed a sun demon
 12542 | D:11     | Killed a centaur warrior
 13044 | D:10     | Reached skill level 1 in Armour
 13492 | D:12     | Noticed a deep elf pyromancer
 13523 | D:11     | Reached XP level 12. HP: 76/100 MP: 19/19
 13666 | D:12     | Reached skill level 1 in Ice Magic
 14395 | Orc:1    | Entered Level 1 of the Orcish Mines
 14453 | Orc:1    | Noticed Jorgrun
 14478 | Orc:1    | Killed Jorgrun
 15173 | Orc:1    | Reached **** piety under Dithmenos
 15201 | Orc:1    | Slain by an orc knight

Illustrated notes

Levels and vault maps discovered:
D:1:      lemuel_arrival_broad_hall, layout_loops_ring, roderic_serpentine_path,
          chequers_serial_rivers_micro_b
D:2:      layout_rooms
D:3:      wander_river, layout_loops_corners, nicolae_tso_besieged_by_evil,
          nicolae_the_louvre
D:4:      layout_loops_ring, minitemple, uniq_robin
D:5:      layout_basic, nicolae_sif_muna_little_library,
          minmay_temple_entry_overgrown, uniq_prince_ribbit1
D:6:      layout_loops_cross, uniq_sigmund
D:7:      layout_basic, grunt_livestock, small_statue_intersection,
          uniq_crazy_yiuf_cottage
D:8:      statuecave_lemuel, layout_loops_corners, chei_slow_surprise,
          serial_shops, nicolae_shop_industrial_runoff, minmay_misc_feat_five
D:9:      layout_gridville, kennysheep_vampire_church,
          lemuel_coloured_pillars_altar, mainiacjoe_overflow_small_starburst,
          david_orc_2, uniq_pikel
D:10:     layout_basic, kennysheep_mini, hellmonk_lair_entry_icy,
          nicolae_elevator_lobby_plus
D:11:     layout_basic, nicolae_zig_zag_zippers
D:12:     layout_cave_pools
Temple:   pf_slime_end_temple
Orc:1:    layout_diamond_mine, library_closet, nicolae_orc_beogh_chapel,
          uniq_jorgrun

Skill      XL: |  1  2  3  4  5  6  7  8  9 10 11 12 |
---------------+-------------------------------------+-----
Throwing       | 2 |  2.0
Long Blades    | 3 4 5 6 7 8 9 10 11 | 11.0
Dodging        | 3 |  3.0
Fighting       | 3 4 5 6 7 8 10 11 | 11.8
Stealth        | 2 4 5 6 |  6.7
Invocations    | 3 7 9 10 | 10.0
Hexes          | 3 6 |  6.0
Armour         | 2 3 |  3.0
Ice Magic      | 2 |  2.8

Action                     |  1- 3 |  4- 6 |  7- 9 | 10-12 || total
---------------------------+-------+-------+-------+-------++-------
  Melee: Long sword        |   115 |   193 |   246 |   370 ||   924
         Headbutt          |       |    30 |    70 |   191 ||   291
         Punch             |       |     2 |     6 |    11 ||    19
         Dagger            |       |       |    74 |   195 ||   269
         Scimitar          |       |       |       |   126 ||   126
  Throw: Throwing net      |       |       |       |     2 ||     2
  Evoke: Wand              |       |       |     5 |     9 ||    14
    Use: Scroll            |       |       |       |    16 ||    16
         Potion            |       |       |       |     2 ||     2
   Stab: Invisible         |       |       |     2 |       ||     2
         Sleeping          |       |       |     4 |    14 ||    18
         Paralysed         |       |       |       |     1 ||     1
         Held in net/web   |       |       |       |     2 ||     2
         Distracted        |       |       |       |     1 ||     1
 Armour: Leather armour    |    67 |    90 |    25 |       ||   182
         Scale mail        |       |       |    40 |       ||    40
         Steam dragon scal |       |       |   122 |    45 ||   167
         Ring mail         |       |       |       |   502 ||   502
  Dodge: Dodged            |    78 |   114 |   208 |   501 ||   901
  Block: Other             |    22 |    49 |    71 |   136 ||   278
         Reflection        |       |       |     1 |     8 ||     9

Table legend: (Time is in decaauts)
 A = Elapsed time spent in this place.
 B = Non-inter-level travel time spent in this place.
 C = Inter-level travel time spent in this place.
 D = Time resting spent in this place.
 E = Time spent auto-exploring this place.
 F = Levels seen in this place.
 G = Mean time per level.
                   A        B        C        D        E       F      G
               +--------+--------+--------+--------+--------+-----+--------+
         Total |  15195 |  14653 |    542 |   4200 |   7120 |  14 | 1085.4 |
       Dungeon |  14712 |  14184 |    528 |   4116 |   6911 |  12 | 1226.0 |
        Temple |     26 |     13 |     13 |      0 |      0 |   1 |   26.0 |
  Orcish Mines |    456 |    456 |      0 |     84 |    209 |   1 |  456.0 |
               +--------+--------+--------+--------+--------+-----+--------+

Top non-repeatable levels by time:
     D:9: 1956 daAuts
    D:11: 1661 daAuts
    D:10: 1563 daAuts
     D:7: 1458 daAuts
     D:8: 1263 daAuts
     D:5: 1217 daAuts
     D:1: 1200 daAuts
     D:3: 1142 daAuts
    D:12: 883 daAuts
     D:4: 844 daAuts
     D:6: 832 daAuts
     D:2: 688 daAuts
   Orc:1: 456 daAuts
  Temple: 26 daAuts
